 Dungeon Crawl Stone Soup version 0.21-b1-21-g86478ac (console) character file.

61 vegansnacktivist the Slasher (level 4, 0/36 HPs)
             Began as a Barachi Fighter on Jan 5, 2018.
             Succumbed to a worker ant's poison
             ... on level 2 of the Dungeon.
             The game lasted 00:01:44 (981 turns).

vegansnacktivist the Slasher (Barachi Fighter)       Turns: 981, Time: 00:01:45

Health: 0/36       AC:  6    Str: 18    XL:     4   Next: 7%
Magic:  4/4        EV: 12    Int:  8    God:
Gold:   56         SH:  9    Dex: 17    Spells: 3/3 levels left

rFire    . . .     SeeInvis .   a - +0 long sword
rCold    . . .     Gourm    .   c - +0 shield
rNeg     . . .     Faith    .   b - +0 scale mail
rPois    .         Spirit   .   (no helmet)
rElec    .         Reflect  .   (no cloak)
rCorr    .         Harm     .   (no gloves)
MR       .....                  (no boots)
Stlth    +.........             (no amulet)
HPRegen  0.12/turn              (no ring)
MPRegen  0.09/turn              (no ring)

@: agile, lethally poisoned (0 -> -1), berserk cooldown, slowed, very slow
A: +LOS, swims, slowness 1, strong legs 1
a: Hop


You were on level 2 of the Dungeon.
You were hungry.

You visited 1 branch of the dungeon, and saw 2 of its levels.

You collected 56 gold pieces.

Inventory:

Hand Weapons
 a - a +0 long sword (weapon)
Armour
 b - a +0 scale mail (worn)
 c - a +0 shield (worn)
Jewellery
 l - a +2 ring of strength {unknown}
Scrolls
 g - a scroll of teleportation {unknown}
 h - a scroll of magic mapping {unknown}
 k - a scroll of enchant armour {unknown}
Potions
 d - a potion of might
Comestibles
 f - 2 rations


   Skills:
 - Level 3.6 Fighting
 + Level 5.1 Long Blades
 - Level 3.6 Armour
 - Level 3.2 Shields


You had 3 spell levels left.
You didn't know any spells.

Dungeon Overview and Level Annotations

Branches:
Dungeon (2/15)

Altars:
Cheibriados
Sif Muna


Innate Abilities, Weirdness & Mutations

Shadows flee at your approach. (+LOS)
You can swim through water.
You cover ground slowly.
You can hop short distances.


Message History

You kill the worm!
You feel sick.
You feel a strong urge to attack something.
You are no longer berserk.
You are exhausted.
You feel yourself slow down.
* * * LOW HITPOINT WARNING * * *
You feel sick.
* * * LOW HITPOINT WARNING * * *
You feel sick.
Things that are here:
a stone; a worker ant corpse
* * * LOW HITPOINT WARNING * * *
You feel sick.
There is a lethal amount of poison in your body!
* * * LOW HITPOINT WARNING * * *
You feel sick.
* * * LOW HITPOINT WARNING * * *
You feel sick.
You die...

#.# +........##.#..# ..#.
#########...(....##.#..# )..
#......########..##.#..# #..
#......#.........##.#..#
#..#####......#.#####....#.#..#
#.....##......#.# #..#.#.#..# .
#.............#.# #..#.#.#..# .
#.....##......#.# #..#...#..#
.##.....######.#@.#####......#..#
............<#.#.........##.##..#
.....#########.#..#########..#..#
..... ........#................#
..##+#####..(###.###########....#
.............###.# #............#
....(........(...# #.####...#<#.#
#.........######## #.# ##...#...#
###.........########.# #........#


There were no monsters in sight!

Vanquished Creatures
  A worker ant (D:2)
  An ooze (D:1)
  A worm (D:2)
  A leopard gecko (D:1)
  3 bats (D:1)
  2 giant cockroaches (D:1)
  4 goblins
  3 hobgoblins (D:1)
  2 frilled lizards (D:1)
  6 kobolds
  6 rats
30 creatures vanquished.

Vanquished Creatures (others)
  4 toadstools (D:1)
4 creatures vanquished.

Grand Total: 34 creatures vanquished

Notes
Turn   | Place    | Note
-------+----------+-------------------------------------------
     0 | D:1      | vegansnacktivist the Barachi Fighter began the quest for the Orb.
     0 | D:1      | Reached XP level 1. HP: 18/18 MP: 1/1
    81 | D:1      | Reached skill level 3 in Long Blades
   158 | D:1      | Reached XP level 2. HP: 24/24 MP: 2/2
   260 | D:1      | Reached skill level 4 in Long Blades
   464 | D:1      | Reached XP level 3. HP: 29/29 MP: 3/3
   889 | D:2      | Found a snail-covered altar of Cheibriados.
   895 | D:2      | Found a deep blue altar of Sif Muna.
   964 | D:2      | Reached skill level 5 in Long Blades
   964 | D:2      | Reached XP level 4. HP: 7/36 MP: 4/4
   977 | D:2      | HP: 1/36 [poisoned by a worker ant]
   981 | D:2      | Succumbed to a worker ant's poison

Skill      XL: |  1  2  3 |
---------------+----------+-----
Long Blades    | 3 4 5 |  5.1
Fighting       | |  3.6
Armour         | |  3.6
Shields        | |  3.2

Action                   |  1- 3 |  4- 6 || total
-------------------------+-------+-------++-------
Melee: Long sword        |    73 |     2 ||    75
  Use: Potion            |     4 |       ||     4
Armor: Scale mail        |    34 |     1 ||    35
Dodge: Dodged            |    27 |       ||    27
Block: Shield            |    41 |       ||    41
       Rpst.: Long sword |    10 |       ||    10
